 Dungeon Crawl Stone Soup version 0.23.2-1-ga50397a (webtiles) character file.

Game seed: 7999140027514187710

426 redwoodhats the Skirmisher (level 6, -2/38 HPs)
             Began as a Gargoyle Skald on May 26, 2019.
             Slain by Prince Ribbit (9 damage)
             ... on level 5 of the Dungeon on May 29, 2019.
             The game lasted 00:18:59 (4486 turns).

redwoodhats the Skirmisher (Gargoyle Skald)         Turns: 4486, Time: 00:19:00

Health: -2/38      AC:  9    Str: 13 (14) XL:     6   Next: 97%
Magic:  10/10      EV:  9    Int: 13 (16) God:
Gold:   219        SH:  7    Dex:  7 (9)  Spells: 8/11 levels left

rFire    . . .     SeeInvis .   j - +1 spear (flame)
rCold    . . .     Gourm    .   c - +0 shield
rNeg     + . .     Faith    .   b - +0 leather armour
rPois    ∞         Spirit   .   (no helmet)
rElec    +         Reflect  .   n - +0 cloak {+Inv}
rCorr    .         Harm     .   h - +0 pair of gloves
MR       .....                  (no boots)
Stlth    +.........             i - amulet of magic regeneration
HPRegen  0.12/turn              (no ring)
MPRegen  0.37/turn              (no ring)

@: infused (expiring), very slightly contaminated
A: negative energy resistance 1, electricity resistance, unbreathing,
petrification resistance, rot immunity, AC +4
a: Evoke Invisibility


You were on level 5 of the Dungeon.
You were not hungry.

You visited 1 branch of the dungeon, and saw 5 of its levels.
You also visited: Sewer.

You collected 219 gold pieces.

Inventory:

Hand Weapons
 a - a +0 mace
 j - a +1 spear of flaming (weapon)
 m - a +3 quarterstaff of chaos
Armour
 b - a +0 leather armour (worn)
 c - a +0 shield (worn)
 g - a +0 cloak
 h - a +0 pair of gloves (worn)
 n - a +0 cloak of invisibility (worn)
Jewellery
 i - an amulet of magic regeneration (around neck)
 q - a +3 ring of intelligence {unknown}
Scrolls
 d - a scroll of random uselessness {unknown}
 e - 2 scrolls of identify
 f - 2 scrolls of teleportation
 k - a scroll of remove curse
 l - a scroll of enchant weapon {unknown}
 p - 2 scrolls of amnesia {unknown}
 s - a scroll of magic mapping {unknown}
Potions
 r - 2 potions of curing
 t - 2 potions of flight {unknown}
Comestibles
 o - 2 rations


   Skills:
 + Level 3.7 Fighting
 + Level 2.2 Maces & Flails
 + Level 2.2 Polearms
 + Level 2.5 Armour
 + Level 2.5 Dodging
 + Level 0.5 Stealth
 + Level 2.0 Shields
 + Level 3.1 Spellcasting
 + Level 3.5 Charms


You had 8 spell levels left.
You knew the following spells:

 Your Spells              Type           Power        Failure   Level  Hunger
a - Infusion              Chrm           ##..         34%         1    #......
b - Song of Slaying       Chrm           ##......     47%         2    ##.....

Your spell library contained the following spells:

 Spells                   Type           Power        Failure   Level  Hunger
 Shroud of Golubria       Chrm/Tloc      #.........   75%         2    ##.....
 Confusing Touch          Hex            #.....       83%         1    #......
 Pain                     Necr           #...         83%         1    #......
 Regeneration             Chrm/Necr      #.........   92%         3    ###....
 Spectral Weapon          Hex/Chrm       #.......     92%         3    ###....
 Confuse                  Hex            #.......     99%         3    ###....
 Gell's Gravitas          Tloc           #.........   99%         3    ###....
 Petrify                  Tmut/Erth      #.......     100%        4    #####..
 Metabolic Englaciation   Hex/Ice        #.........   100%        5    ######.
 Yara's Violent Unravell  Hex/Tmut       #.........   100%        5    ######.


Dungeon Overview and Level Annotations

Branches:
Dungeon (4/15)
 Temple: D:4-7

Altars:
Kikubaaqudgha
Sif Muna
Vehumet
Yredelemnul

Annotations:
D:5 Prince Ribbit


Innate Abilities, Weirdness & Mutations

You are resistant to torment.
Your stone body is resilient. (AC +4)
You are immune to poison.
You resist negative energy. (rN+)
You are resistant to electric shocks. (rElec)
You can survive without breathing.
You are immune to petrification.
You are immune to rotting.


Message History

You miss Prince Ribbit.
Prince Ribbit is severely wounded.
Prince Ribbit hits you!
* * * LOW HITPOINT WARNING * * *
Prince Ribbit barely misses you.
You miss Prince Ribbit.
Prince Ribbit is severely wounded.
You block Prince Ribbit's attack.
You miss Prince Ribbit.
Prince Ribbit is severely wounded.
Your magical infusion is running out.
You block Prince Ribbit's attack.
Prince Ribbit hits you but does no damage.
Your shield prevents you from hitting Prince Ribbit.
Prince Ribbit is severely wounded.
You block Prince Ribbit's attack.
You closely miss Prince Ribbit.
Prince Ribbit is severely wounded.
You block Prince Ribbit's attack. Prince Ribbit hits you!
You die...

#.....#########≈≈##≈#
#.#.###.###...÷.##≈≈####÷≈#
........# #.###..≈≈≈≈≈÷≈≈≈≈
..#..##.###.# ####≈≈####≈≈#
............# #### ####
........##..# #....##.....#
..#.# ####F## # #. #@# #
#.# #.# #.# #.# #.. #.. ...


You could see Prince Ribbit.

Vanquished Creatures
  A phantom (D:4)
  A big kobold (Sewer)
  Crazy Yiuf (D:3)
  A bullfrog skeleton (D:2)
  A hound (D:4)
  Jessica (D:3)
  3 adders
  5 river rats
  An ooze (D:2)
  7 worms
  A dart slug (D:2)
  2 leopard geckos (D:1)
  4 bats
  4 giant cockroaches
  4 goblins
  7 hobgoblins
  2 jackals (Sewer)
  A quokka (D:3)
  A ball python (D:2)
  2 frilled lizards
  13 kobolds
  8 rats
71 creatures vanquished.

Notes
Turn   | Place    | Note
-------+----------+-------------------------------------------
     0 | D:1      | redwoodhats the Gargoyle Skald began the quest for the Orb.
     0 | D:1      | Reached XP level 1. HP: 12/12 MP: 3/3
   154 | D:1      | Reached XP level 2. HP: 10/17 MP: 0/5
  1285 | D:2      | Reached XP level 3. HP: 18/22 MP: 6/6
  1358 | D:2      | Reached XP level 4. HP: 6/27 MP: 3/7
  1689 | D:2      | Found an ancient bone altar of Kikubaaqudgha.
  1689 | D:2      | Found a radiant altar of Vehumet.
  1691 | D:2      | Found a deep blue altar of Sif Muna.
  1699 | D:2      | Identified Kikubaaqudgha's Volume of Black Rites
  2492 | D:3      | Found a basalt altar of Yredelemnul.
  2492 | D:3      | Noticed Jessica
  2496 | D:3      | Killed Jessica
  2496 | D:3      | Reached XP level 5. HP: 32/32 MP: 4/9
  2547 | D:3      | Found a runed translucent door.
  2548 | D:3      | Noticed Crazy Yiuf
  2642 | D:3      | Killed Crazy Yiuf
  2642 | D:3      | Reached skill level 1 in Polearms
  2770 | D:3      | Reached skill level 1 in Shields
  3341 | D:4      | Learned a level 2 spell: Song of Slaying
  3361 | D:4      | Noticed a phantom
  3432 | D:4      | Killed a phantom
  3432 | D:4      | Reached XP level 6. HP: 7/37 MP: 10/10
  3928 | D:4      | You fall through a shaft!
  3928 | D:5      | Entered Level 5 of the Dungeon
  3982 | D:5      | Found a glowing drain.
  3992 | Sewer    | Entered a sewer
  4390 | Sewer    | Found a glowing silver altar of Zin.
  4467 | D:5      | Noticed Prince Ribbit
  4486 | D:5      | Slain by Prince Ribbit

Skill      XL: |  1  2  3  4  5  6 |
---------------+-------------------+-----
Charms         | 3 |  3.5
Dodging        | 2 |  2.5
Armour         | 2 |  2.5
Fighting       | 3 |  3.7
Polearms       | 1 2 |  2.2
Shields        | 1 2 |  2.0
Spellcasting   | 3 |  3.1
Maces & Flails | |  2.2
Stealth        | |  0.5

Action                   |  1- 3 |  4- 6 || total
-------------------------+-------+-------++-------
Melee: Mace              |    68 |       ||    68
       Spear             |    23 |   220 ||   243
 Cast: Infusion          |     6 |    22 ||    28
       Song of Slaying   |       |     3 ||     3
  Use: Scroll            |     3 |     1 ||     4
       Potion            |       |     7 ||     7
  Eat: Ration            |     1 |     3 ||     4
Armor: Leather armour    |    64 |    87 ||   151
Dodge: Dodged            |    50 |    69 ||   119
Block: Shield            |    30 |    72 ||   102
